 Dungeon Crawl Stone Soup version 0.32-a0-39-g5c88369fb2 (webtiles) character file.

Game seed: 5578360317818744020

270 Descartes the Conjurer (level 6, -1/32 HPs)
             Began as a Deep Elf Conjurer on Jan 27, 2024.
             Succumbed to an adder's poison
             ... in a sewer.
             The game lasted 00:05:52 (2907 turns).

Descartes the Conjurer (Deep Elf Conjurer)          Turns: 2907, Time: 00:05:53

Health: -1/32      AC:  5    Str:  6    XL:     6   Next: 1%
Magic:  5/13       EV: 11    Int: 23    God:
Gold:   114        SH:  5    Dex: 13    Spells: 11/12 levels left

rFire   . . .        n - +2 dagger (chaos)
rCold   . . .        j - +0 buckler
rNeg    . . .        c - +0 leather armour
rPois   .            m - +0 helmet
rElec   .            (no cloak)
rCorr   .            (no gloves)
SInv    .            i - +0 pair of boots
Will    .....        (no amulet)
Stlth   ++           h - ring of wizardry
HPRegen 0.25/turn    (no ring)
MPRegen 0.13/turn

%: wizardry (x1)
@: mighty, brilliant, lethally poisoned (-1 -> -13)
A: no striking features
a: no special abilities


You were in a sewer.
You visited 1 branch of the dungeon, and saw 4 of its levels.
You also visited: Sewer.

You collected 114 gold pieces.

Inventory:

Hand Weapons
 n - a +2 dagger of chaos (weapon)
Armour
 c - a +0 leather armour (worn)
 i - a +0 pair of boots (worn)
 j - a +0 buckler (worn)
 l - the +8 chain mail "Habboets" {rElec Int-4 SInv}
   (You found it on level 2 of the Dungeon)

   Int-4:     It affects your intelligence (-4).
   rElec:     It insulates you from electricity.
   SInv:      It lets you see invisible.
 m - a +0 helmet (worn)
Jewellery
 h - a ring of wizardry (left hand)
Scrolls
 k - a scroll of teleportation {unknown}
Potions
 b - a potion of magic
 d - a potion of curing {unknown}


   Skills:
 - Level 3.3 Dodging
 - Level 2.4 Stealth
 + Level 3.6 Shields
 - Level 3.8 Spellcasting
 - Level 4.8 Conjurations
 - Level 1.7 Earth Magic


You had 11 spell levels left.
You knew the following spells:

 Your Spells              Type           Power      Damage    Failure   Level
a - Magic Dart            Conj           100%       1d8       1%          1

Your spell library contained the following spells:

 Spells                   Type           Power      Damage    Failure   Level
 Searing Ray              Conj           80%        2d7       2%          2
 Shock                    Conj/Air       92%        1d8       4%          1
 Freeze                   Ice            24%        1d4       12%         1
 Hailstorm                Conj/Ice       23%        3d7       12%         3
 Ensorcelled Hibernation  Hex/Ice        12%        N/A       16%         2
 Call Canine Familiar     Summ           6%         N/A       32%         3
 Frozen Ramparts          Ice            12%        1d2       32%         3
 Fugue of the Fallen      Necr           6%         N/A       32%         3
 Sigil of Binding         Hex            6%         N/A       32%         3
 Swiftness                Air            6%         N/A       32%         3
 Fulminant Prism          Conj/Alch      11%        3d9       38%         4
 Iskenderun's Mystic Bla  Conj/Tloc      23%        2d6       38%         4
 Airstrike                Air            3%         2d(1-17)  69%         4
 Anguish                  Hex/Necr       3%         N/A       69%         4
 Dimensional Bullseye     Hex/Tloc       3%         N/A       69%         4


Dungeon Overview and Level Annotations

Branches:
Dungeon (4/15)              Sewer (1/1)
 Temple: D:4-7

Altars:
Makhleb
Xom


Message History

The adder barely misses you.
A rat comes into view.
The adder bites you. The adder barely misses you.
The adder attacks as it pursues you! The adder bites you.
The frilled lizard unfolds its giant frill.
The adder bites you. x2
The adder attacks as it pursues you! The adder closely misses you.
The rat twitches its whiskers.
You block the adder's attack. The adder bites you.
You are poisoned.
The adder poisons you! The adder bites you but does no damage.
You feel very sick. The adder attacks as it pursues you! The adder bites you.
You are more poisoned.
The adder poisons you! The adder bites you but does no damage.
The frilled lizard hisses.
The adder attacks as it pursues you! The adder bites you but does no damage.
The adder completely misses you. The adder barely misses you.
You barely miss the adder.
You feel sick. You block the adder's attack. The adder bites you.
You are lethally poisoned!
The adder poisons you!
Unknown command.
You hit the adder. Lightning courses through the adder!
You kill the adder!
* * * LOW HITPOINT WARNING * * *
You feel very sick. You block the adder's attack. The adder bites you.
* * * LOW HITPOINT WARNING * * *
You are more poisoned.
The adder poisons you!
You have reached level 6!
It was a potion of might.
You feel very mighty all of a sudden.
* * * LOW HITPOINT WARNING * * *
You feel very sick. The adder bites you but does no damage.
It was a potion of brilliance.
You feel clever all of a sudden.
You die...

....##
##......#
~†~##
#.~~~~##
≈~≈≈#
#≈≈~≈≈≈#
≈~≈≈#
#≈≈≈~≈≈#
≈~≈≈#
#≈≈≈~#≈#
≈~≈≈#
#≈≈≈#~≈#
≈~≈≈#
#≈≈≈≈~≈#
≈~.≈#
#≈≈≈≈≈~#
~≈≈≈#
#≈≈≈≈≈@#
~≈≈≈#
#≈≈≈≈Sl#
~#≈≈#
#≈≈≈≈r≈#
≈~≈≈#
#≈≈≈≈r≈#
≈~≈≈#
#≈≈≈r≈≈#
≈~≈≈#
#≈≈≈~≈≈#
≈~≈≈#
#≈≈~≈≈≈#
~≈≈≈#
#≈≈~≈≈≈#
~≈≈≈#
#≈≈~≈≈≈#


You could see an adder, a frilled lizard and 3 rats.

Vanquished Creatures
  A bombardier beetle (D:4)
  A crimson imp (D:3)
  Jessica (D:3)
  An orc wizard (D:4)
  A gnoll (D:1)
  3 adders
  2 river rats (Sewer)
  5 dart slugs
  2 ribbon worms
  5 orcs
  3 endoplasms
  3 giant cockroaches
  5 goblins
  4 hobgoblins
  7 jackals (D:2)
  6 kobolds
  5 quokkas
  4 ball pythons
  5 bats
  4 frilled lizards
  8 rats (Sewer)
76 creatures vanquished.

Vanquished Creatures (collateral kills)
  A rat (Sewer)
1 creature vanquished.

Grand Total: 77 creatures vanquished

Notes
Turn   | Place    | Note
-------+----------+-------------------------------------------
     0 | D:1      | Descartes the Deep Elf Conjurer began the quest for the
                  | Orb.
     0 | D:1      | Reached XP level 1. HP: 10/10 MP: 6/6
   279 | D:1      | Reached XP level 2. HP: 15/15 MP: 5/8
   559 | D:1      | Reached skill level 1 in Earth Magic
   744 | D:2      | Reached XP level 3. HP: 19/19 MP: 2/10
   849 | D:2      | Identified the +8 chain mail "Habboets" {rElec Int-4 SInv}
  1891 | D:3      | Reached XP level 4. HP: 24/24 MP: 9/11
  2107 | D:3      | Noticed Jessica
  2112 | D:3      | Killed Jessica
  2113 | D:3      | Reached skill level 1 in Shields
  2281 | D:3      | Found a burning altar of Makhleb.
  2282 | D:3      | Found a shimmering altar of Xom.
  2289 | D:3      | Reached XP level 5. HP: 28/28 MP: 5/12
  2587 | D:4      | Found a glowing drain.
  2616 | Sewer    | Entered a sewer
  2906 | Sewer    | Reached XP level 6. HP: 6/32 MP: 4/13
  2907 | Sewer    | Succumbed to an adder's poison

Illustrated notes

Levels and vault maps discovered:
D:1:      lightli_arrival_chessboard, layout_rooms
D:2:      layout_basic, serial_curves, eino_curves_02, eino_curves_02
D:3:      layout_rooms, grunt_temple_overflow_champion_of_chaos,
          dreamdust_mushroom_princess, chequers_serial_rivers_micro_b,
          uniq_jessica
D:4:      kennysheep_big_flooded_room, layout_basic, nicolae_uskayaw_en_pointe,
          minmay_overflow_temple_star_quad, cheibrodos_sewer_entry_sluice,
          uniq_edmund, uniq_ijyb, uniq_blork_the_orc
Sewer:    sewer_minmay_w

Skill      XL: |  1  2  3  4  5 |
---------------+----------------+-----
Earth Magic    | 1 |  1.7
Dodging        | 3 |  3.3
Shields        | 2 3 |  3.6
Stealth        | |  2.4
Spellcasting   | |  3.8
Conjurations   | |  4.8

Action                     |  1- 3 |  4- 6 || total
---------------------------+-------+-------++-------
  Melee: Dagger            |       |    22 ||    22
   Cast: Magic Dart        |    83 |    79 ||   162
    Use: Scroll            |       |     2 ||     2
         Potion            |       |     2 ||     2
   Stab: Sleeping          |       |     1 ||     1
 Armour: Leather armour    |     5 |    33 ||    38
  Dodge: Dodged            |    12 |    16 ||    28
  Block: Buckler           |       |     7 ||     7

Table legend: (Time is in decaauts)
 A = Elapsed time spent in this place.
 B = Non-inter-level travel time spent in this place.
 C = Inter-level travel time spent in this place.
 D = Time resting spent in this place.
 E = Time spent auto-exploring this place.
 F = Levels seen in this place.
 G = Mean time per level.
                   A        B        C        D        E       F      G
               +--------+--------+--------+--------+--------+-----+--------+
         Total |   2926 |   2873 |     53 |      0 |   2430 |   5 |  585.2 |
       Dungeon |   2616 |   2563 |     53 |      0 |   2185 |   4 |  654.0 |
         Sewer |    310 |    310 |      0 |      0 |    245 |   1 |  310.0 |
               +--------+--------+--------+--------+--------+-----+--------+

Top non-repeatable levels by time:
     D:2: 1093 daAuts
     D:3: 726 daAuts
     D:1: 680 daAuts
   Sewer: 310 daAuts
     D:4: 115 daAuts
